 Dungeon Crawl Stone Soup version 0.31-a0-4-gefa6de2278 (webtiles) character file.

Game seed: 6332683236563536468

105 qeuew the Poker (level 4, -4/42 HPs)
             Began as a Tengu Berserker on May 4, 2023.
             Was a Believer of Trog.
             Slain by a gnoll
             ... wielding a +0 mace
              (7 damage)
             ... on level 3 of the Dungeon.
             The game lasted 00:01:58 (1975 turns).

qeuew the Poker (Tengu Berserker)                   Turns: 1975, Time: 00:01:59

Health: -4/42      AC:  5    Str: 23    XL:     4   Next: 83%
Magic:  5/5        EV: 17    Int:  6    God:    Trog [**....]
Gold:   193        SH:  0    Dex: 13    Spells: 3/3 levels left

rFire   . . .        a - +0 spear
rCold   x . .        (no shield)
rNeg    . . .        f - +0 ring mail
rPois   .            (helmet restricted)
rElec   .            (no cloak)
rCorr   .            (no gloves)
SInv    .            (boots unavailable)
Will    +++..        (no amulet) Stlth
                     g - +5 ring of evasion
HPRegen 1.27/turn    (no ring)
MPRegen 0.09/turn

%: no passive effects
@: berserking (expiring), strong-willed, regenerating, very quick
A: beak, talons 3, strong-willed 1, strong 1, cold vulnerability 1
a: Renounce Religion, Berserk, Trog's Hand


You were on level 3 of the Dungeon.
You worshipped Trog.
Trog was pleased with you.
You visited 1 branch of the dungeon, and saw 3 of its levels.

You collected 193 gold pieces.

Inventory:

Hand Weapons
 a - a +0 spear (weapon)
Armour
 f - a +0 ring mail (worn)
Jewellery
 g - a +5 ring of evasion (left hand)
Scrolls
 c - a scroll of immolation {unknown}
Potions
 b - a potion of ambrosia


   Skills:
 + Level 3.4 Fighting
 * Level 4.2 Polearms
 * Level 3.6 Armour
 + Level 2.9 Dodging


You had 3 spell levels left.
You didn't know any spells.
Your spell library was empty.

Dungeon Overview and Level Annotations

Branches:
Dungeon (3/15)

Altars:


Innate Abilities, Weirdness & Mutations

You have a beak for a mouth.
You have claws for feet.
You are strong-willed. (Will+)
Your muscles are strong. (Str +4, Int/Dex -1)
You are vulnerable to cold. (rC-)


Message History

You hit the gnoll but do no damage.
The gnoll is moderately wounded.
The gnoll hits you with a +0 mace. The frilled lizard barely misses you.
The gnoll zaps a wand.
You resist with almost no effort.
You are too injured to fight recklessly!
You are too injured to fight recklessly!
You are too injured to fight recklessly!
You are too injured to fight recklessly!
You are too injured to fight recklessly!
Unknown command.
Your skin crawls.
You feel strong-willed.
The frilled lizard completely misses you.
The gnoll closely misses you.
A red film seems to cover your vision as you go berserk!
You feel yourself moving faster!
You feel mighty! The frilled lizard bites you. The gnoll misses you.
You puncture the frilled lizard!
You kill the frilled lizard!
Trog accepts your kill. The gnoll hits you with a +0 mace.
The gnoll hits you with a +0 halberd!
* * * LOW HITPOINT WARNING * * *
You see here a hobgoblin corpse.
You closely miss the gnoll. You claw the gnoll. Your peck misses the gnoll.
The gnoll is lightly wounded.
You barely miss the gnoll. Your kick misses the gnoll.
Your peck misses the gnoll.
The gnoll is lightly wounded.
The gnoll closely misses you. x2
You closely miss the gnoll.
The gnoll is lightly wounded.
The gnoll barely misses you. The gnoll hits you with a +0 mace!
* * * LOW HITPOINT WARNING * * *
You closely miss the gnoll. Your kick misses the gnoll. You peck the gnoll!
The gnoll is severely wounded.
You barely miss the gnoll. Your kick misses the gnoll. You peck the gnoll.
You kill the gnoll!
Trog accepts your kill. The gnoll hits you with a +0 mace!
You die...

#### ....###
....... ......^
......g########
########
......)@......#
#[......
.......######.#
#.###### .......
#.# #.# ....... #.#
#.# .##.##. #.###.#
#. #. #.....# # #.
####..# ####
#.#########..###...
#..................


You could see a gnoll.

Vanquished Creatures
  3 adders
  2 gnolls (D:3)
  2 worms (D:2)
  A dart slug (D:3)
  An orc (D:2)
  A ball python (D:1)
  5 endoplasms
  4 giant cockroaches
  7 goblins
  5 hobgoblins
  5 jackals
  5 kobolds
  2 quokkas (D:2)
  7 bats
  6 frilled lizards
  4 rats
60 creatures vanquished.

Vanquished Creatures (others)
  2 toadstools (D:1)
2 creatures vanquished.

Grand Total: 62 creatures vanquished

Notes
Turn   | Place    | Note
-------+----------+-------------------------------------------
     0 | D:1      | qeuew the Tengu Berserker began the quest for the Orb.
     0 | D:1      | Reached XP level 1. HP: 14/14 MP: 2/2
    97 | D:1      | Reached XP level 2. HP: 12/19 MP: 3/3
   785 | D:1      | Reached XP level 3. HP: 23/23 MP: 4/4
   940 | D:1      | Reached ** piety under Trog
  1620 | D:2      | Reached skill level 4 in Polearms
  1645 | D:2      | Reached XP level 4. HP: 27/28 MP: 5/5
  1810 | D:2      | Gained mutation: Your muscles are strong. (Str +4, Int/Dex
                  | -1) [potion of mutation]
  1810 | D:2      | Gained mutation: You are vulnerable to cold. (rC-) [potion
                  | of mutation]
  1810 | D:2      | Gained mutation: You are strong-willed. (Will+) [potion of
                  | mutation]
  1953 | D:3      | Identified the +2 leather armour "Degidire" {Int+3}
  1973 | D:3      | HP: 1/42 [gnoll/+0 mace (7)]
  1975 | D:3      | Slain by a gnoll

Illustrated notes

Levels and vault maps discovered:
D:1:      ncdulo_watergridlock, layout_basic, minmay_gold_behind_fungi,
          minmay_pentomino_q4
D:2:      minmay_chambers_of_twos, layout_basic, minmay_fractal_squares_5
D:3:      layout_loops_ring, serial_shops, shop, minivault_11

Skill      XL: |  1  2  3 |
---------------+----------+-----
Armour         | 3 |  3.6
Polearms       | 4 |  4.2
Fighting       | |  3.4
Dodging        | |  2.9

Action                     |  1- 3 |  4- 6 || total
---------------------------+-------+-------++-------
  Melee: Spear             |   111 |    47 ||   158
         Kick              |    20 |    10 ||    30
         Peck              |     7 |     7 ||    14
 Invoke: Berserk           |       |     1 ||     1
         Trog's Hand       |       |     1 ||     1
    Use: Scroll            |     4 |     1 ||     5
         Potion            |     1 |     2 ||     3
   Stab: Distracted        |     1 |       ||     1
 Armour: Animal skin       |     3 |       ||     3
         Ring mail         |    18 |     4 ||    22
  Dodge: Dodged            |    42 |    36 ||    78

Table legend: (Time is in decaauts)
 A = Elapsed time spent in this place.
 B = Non-inter-level travel time spent in this place.
 C = Inter-level travel time spent in this place.
 D = Time resting spent in this place.
 E = Time spent auto-exploring this place.
 F = Levels seen in this place.
 G = Mean time per level.
                   A        B        C        D        E       F      G
               +--------+--------+--------+--------+--------+-----+--------+
         Total |   1959 |   1909 |     50 |      0 |   1587 |   3 |  653.0 |
       Dungeon |   1959 |   1909 |     50 |      0 |   1587 |   3 |  653.0 |
               +--------+--------+--------+--------+--------+-----+--------+

Top non-repeatable levels by time:
     D:1: 1053 daAuts
     D:2: 779 daAuts
     D:3: 126 daAuts
